 Dungeon Sprint DCSS version 0.29-a0-322-g68df515428 (webtiles) character file.

Game seed: 4978726422481403673

40642 mhtbhm the Draconian Blade (level 13, 0/146 HPs)
             Began as a Pale Draconian Berserker on Apr 9, 2022.
             Was the Champion of Trog.
             Killed from afar by a fire giant (29 damage)
             ... with a bolt of fire
             ... in the Dungeon (Sprint IX: "|||||||||||||||||||||||||||||").
             The game lasted 00:08:37 (5363 turns).

mhtbhm the Draconian Blade (DrBe)                   Turns: 5363, Time: 00:08:38

Health: 0/146      AC: 12    Str: 29    XL:     13   Next: 75%
Magic:  13/13      EV: 18    Int:  7    God:    Trog [******]
Gold:   807        SH:  9    Dex: 10    Spells: 12/12 levels left

rFire   . . .      SeeInvis .   r - +3 demon blade (flame)
rCold   . . .      Faith    .   c - +0 kite shield
rNeg    . . .      Spirit   .   (body armour unavailable)
rPois   .          Reflect  .   (helmet restricted)
rElec   .          Harm     .   y - scarf {repulsion}
rCorr   .          Rampage  .   w - +1 pair of gloves
Will    .....      NoTele   +   u - +1 pair of boots
Stlth   +++.......              (no amulet)
HPRegen 0.34/turn               l - +3 ring of strength
MPRegen 0.13/turn               k - +2 ring of evasion

@: short of breath, on berserk cooldown, repel missiles
A: breathe steam, AC +8, unfitting armour, cold-blooded, steam resistance
a: Breathe Steam, Renounce Religion, Berserk, Trog's Hand, Brothers in Arms


You were in the Dungeon.
You worshipped Trog.
Trog was exalted by your worship.
You visited 1 branch You collected 1963 gold pieces.
You spent 1156 gold pieces at shops.

Inventory:

Hand Weapons
 a - a +4 triple sword of flaming
 r - a +3 demon blade of flaming (weapon)
Missiles
 m - 2 poisoned darts (quivered)
Armour
 c - a +0 kite shield (worn)
 u - a +1 pair of boots (worn)
 w - a +1 pair of gloves (worn)
 x - an orb of light
 y - a scarf of repulsion (worn)
Jewellery
 k - a +2 ring of evasion (right hand)
 l - a +3 ring of strength (left hand)
 C - a ring of ice
 D - a ring of protection from fire
 E - a ring of ice
 F - a ring of willpower
Wands
 i - a wand of acid (6)
 v - a wand of flame (12)
Scrolls
 g - a scroll of blinking
 j - 2 scrolls of identify
 o - 4 scrolls of fog
 p - 2 scrolls of enchant weapon
 q - a scroll of fear
 t - 4 scrolls of enchant armour
Potions
 b - 3 potions of curing
 d - 4 potions of haste
 e - 4 potions of magic
 f - 4 potions of berserk rage
 h - a potion of invisibility
 n - 2 potions of might
 s - 3 potions of resistance
 z - 2 potions of attraction
 A - 2 potions of mutation
 B - a potion of flight
 G - 11 potions of heal wounds
 H - 2 potions of lignification {unknown}


   Skills:
 + Level 22.3 Fighting
 + Level 24.5 Long Blades
 + Level 17.0 Dodging
 + Level 5.9 Stealth
 + Level 5.9 Shields
 + Level 2.9 Evocations


You had 12 spell levels left.
You didn't know any spells.
Your spell library was empty.

Dungeon Overview and Level Annotations

Branches:
Dungeon (1/1)

Altars:
Cheibriados
Dithmenos
Elyvilon
Fedhas
Gozag
Hepliaklqana
Kikubaaqudgha
Makhleb
Nemelex Xobeh
Okawaru
Qazlal
Ru
Sif Muna
Trog
Uskayaw
Vehumet
Wu Jian
Xom
Yredelemnul
Zin
The Shining One
Beogh
Jiyva
Lugonu

Shops:
D :![[


Innate Abilities, Weirdness & Mutations

You can breathe blasts of scalding, opaque steam.
Your pale cyan-grey scales are hard. (AC +8)
You cannot fit into any form of body armour.
You are cold-blooded and may be slowed by cold attacks.
You are immune to the effects of steam.


Message History

You block the fire dragon's attack. The fire dragon misses you.
You block the fire dragon's attack. The fire giant casts a spell at you.
The bolt of fire hits the fire dragon.
The fire dragon resists.
The bolt of fire hits you!!!
Unknown command.
Aiming: Corrosive Bolt
Press: ? - help, Shift-Dir - straight line, f - fire dragon
Aim: a fire dragon (severely wounded, catching its breath, 81% to hit)
The bolt of acid misses the fire dragon.
The bolt of acid hits the fire giant!
The acid corrodes the fire giant!
The fire giant is lightly wounded.
The bolt of acid hits the torpor snail!
The acid corrodes the torpor snail!
The torpor snail is moderately wounded.
The bolt of acid hits the rakshasa!
The rakshasa is moderately wounded.
The torpor snail changes into an eye of devastation!
The fire dragon barely misses you.
The fire dragon claws you but does no damage.
You block the fire dragon's attack. The fire dragon completely misses you.
The fire dragon misses you. The fire dragon tramples you!
You stumble backwards!
Unknown command.
Unknown command.
Aiming: Breathe Steam (1% risk of failure)
Press: ? - help, Shift-Dir - straight line, f/p - fire dragon
Aim: a fire dragon (severely wounded, 81% to hit)
You exhale a blast of scalding steam.
The ball of steam hits the fire dragon.
The fire dragon resists.
The fire dragon is severely wounded.
The ball of steam hits the fire giant.
The fire giant resists.
The fire giant is lightly wounded.
You feel yourself speed up. The fire dragon breathes flames at you.
The blast of flame hits you!!
* * * LOW HITPOINT WARNING * * *
The fire giant casts a spell at you.
The bolt of fire hits the fire dragon.
The fire dragon resists.
The bolt of fire hits you!!
You die...

▓.▓.▓)▓.▓[▓.▓.▓.▓†
▓T▓.▓.▓.▓.▓.▓.▓.▓)
▓C▓.▓.▓.▓)▓.▓.▓.▓†
▓R▓.▓.▓†▓)▓.▓.▓.▓'
▓G▓.▓.▓.▓)▓.▓)▓.▓)
▓.▓.▓.▓.▓)▓.▓)▓.▓.
▓C▓.▓.▓.▓)▓.▓)▓.▓.
▓D▓.▓)▓.▓)▓.▓.▓.▓.
▓@▓.▓)▓.▓)▓.▓.▓.▓.
▓.▓.▓'▓.▓)▓.▓)▓.▓.
▓.▓.▓.▓)▓.▓.▓)▓.▓|
▓.▓.▓.▓.▓.▓.▓)▓.▓.
▓.▓.▓.▓.▓.▓.▓)▓.▓.
▓.▓.▓.▓.▓)▓.▓.▓.▓.
▓.▓.▓.▓.▓)▓.▓.▓.▓.
▓.▓.▓.▓.▓'▓.▓.▓.▓.
▓.▓.▓.▓.▓.▓.▓.▓.▓.


You could see a fire giant (corroded) and a fire dragon.

Vanquished Creatures
  Donald (D)
  A bunyip (D)
  A merfolk impaler (D)
  Erolcha (D)
  5 hydras (D)
  An ice dragon (D)
  An ogre mage (D)
  A ghost crab (D)
  A two-headed ogre (D)
  3 centaur warriors (D)
  A tengu warrior (D)
  3 death yaks (D)
  A vampire mage (D)
  3 orc high priests (D)
  A sea snake (D)
  2 steelbarb worms (D)
  A naga ritualist (D)
  A bog body (D)
  A deep elf pyromancer (D)
  A wizard (D)
  5 orc knights (D)
  3 ugly things (D)
  5 orc sorcerers (D)
  A manticore (D)
  A will-o-the-wisp (D)
  A salamander (D)
  A water nymph (D)
  2 merfolk sirens (D)
  A naga mage (D)
  5 black mambas (D)
  Maurice (D)
  9 cane toads (D)
  Psyche (D)
  A kobold demonologist (D)
  2 demonic crawlers (D)
  A bloated husk (D)
  A hornet (D)
  A tyrant leech (D)
  A merfolk (D)
  3 wind drakes (D)
  A slime creature (D)
  A tarantella (D)
  A culicivora (D)
  6 yaks (D)
  Grum (D)
  A steam dragon (D)
  A basilisk (D)
  A vampire mosquito (D)
  3 redbacks (D)
  3 water moccasins (D)
  7 orc warriors (D)
  3 wolves (D)
  A centaur (D)
  A kobold brigand (D)
  A bullfrog (D)
  A howler monkey (D)
  A hound (D)
  2 orc priests (D)
  3 orc wizards (D)
  A gnoll (D)
  An ufetubus (D)
  14 orcs (D)
  A bat (D)
  An endoplasm (D)
  3 quokkas (D)
  A rat (D)
138 creatures vanquished.

Vanquished Creatures (collateral kills)
  A very ugly thing (D)
  A stone giant (D)
  An anaconda (D)
  A death knight (D)
  A glowing orange brain (D)
  A manticore (D)
  2 salamanders (D)
8 creatures vanquished.

Vanquished Creatures (others)
  An orc (D)
  2 foxfires (D)
3 creatures vanquished.

Grand Total: 149 creatures vanquished

Notes
Turn   | Place    | Note
-------+----------+-------------------------------------------
     0 | D        | mhtbhm the Draconian Berserker began the quest for the Orb.
     0 | D        | Reached XP level 1. HP: 19/19 MP: 1/1
    15 | D        | Reached ** piety under Trog
    51 | D        | Noticed a hound
    55 | D        | Reached *** piety under Trog
    56 | D        | Reached skill level 4 in Long Blades
    56 | D        | Reached XP level 2. HP: 28/28 MP: 2/2
    64 | D        | Reached skill level 5 in Fighting
    64 | D        | Reached XP level 3. HP: 36/36 MP: 3/3
    67 | D        | Reached skill level 5 in Long Blades
    73 | D        | Found a snail-covered altar of Cheibriados.
    73 | D        | Found a shadowy altar of Dithmenos.
    73 | D        | Found a white marble altar of Elyvilon.
    73 | D        | Found a blossoming altar of Fedhas.
    73 | D        | Found an opulent altar of Gozag.
    74 | D        | Found a hazy altar of Hepliaklqana.
    75 | D        | Found a viscous altar of Jiyva.
    76 | D        | Found an ancient bone altar of Kikubaaqudgha.
    77 | D        | Found a corrupted altar of Lugonu.
    78 | D        | Found a burning altar of Makhleb.
    79 | D        | Found a sparkling altar of Nemelex Xobeh.
    80 | D        | Found an iron altar of Okawaru.
    81 | D        | Found a stormy altar of Qazlal.
    82 | D        | Found a sacrificial altar of Ru.
    83 | D        | Found a shimmering blue altar of Sif Muna.
    84 | D        | Found a bloodstained altar of Trog.
    85 | D        | Found a hide-covered altar of Uskayaw.
    86 | D        | Found a radiant altar of Vehumet.
    87 | D        | Found an ornate altar of the Wu Jian Council.
    88 | D        | Found a shimmering altar of Xom.
    89 | D        | Found a basalt altar of Yredelemnul.
    90 | D        | Found a glowing silver altar of Zin.
    91 | D        | Found a glowing golden altar of the Shining One.
   142 | D        | Noticed a steam dragon
   142 | D        | Noticed a kobold demonologist
   142 | D        | Noticed a centaur
   142 | D        | Noticed a kobold brigand
   142 | D        | Noticed a hornet
   147 | D        | Killed a hornet
   147 | D        | Reached **** piety under Trog
   148 | D        | Reached skill level 7 in Long Blades
   148 | D        | Reached skill level 1 in Stealth
   148 | D        | Reached XP level 4. HP: 47/48 MP: 4/4
   148 | D        | Reached XP level 5. HP: 51/53 MP: 5/5
   150 | D        | Reached skill level 8 in Long Blades
   150 | D        | Reached XP level 6. HP: 41/62 MP: 6/6
   155 | D        | Killed a kobold demonologist
   155 | D        | Reached ***** piety under Trog
   156 | D        | Reached skill level 10 in Fighting
   156 | D        | Reached skill level 10 in Long Blades
   156 | D        | Your scales start taking on a pale cyan-grey colour.
   156 | D        | Reached XP level 7. HP: 45/72 MP: 7/7
   156 | D        | Gained mutation: You are immune to the effects of steam.
                  | [Pale Draconian growth]
   163 | D        | Killed a steam dragon
   405 | D        | Noticed a vampire mosquito
   405 | D        | Noticed a manticore
   405 | D        | Noticed a two-headed ogre
   405 | D        | Noticed a centaur warrior
   405 | D        | Noticed a slime creature
   412 | D        | Killed a slime creature
   413 | D        | Reached skill level 11 in Long Blades
   413 | D        | Reached XP level 8. HP: 72/81 MP: 8/8
   417 | D        | Killed a centaur warrior
   418 | D        | Reached skill level 12 in Long Blades
   418 | D        | Reached skill level 10 in Dodging
   420 | D        | Killed a two-headed ogre
   421 | D        | Reached skill level 13 in Long Blades
   421 | D        | Reached XP level 9. HP: 76/91 MP: 9/9
   422 | D        | Killed a manticore
   727 | D        | Noticed a cane toad
   727 | D        | Noticed a cane toad
   727 | D        | Noticed a cane toad
   727 | D        | Noticed a cane toad
   729 | D        | Received a gift from Trog
   730 | D        | Killed a cane toad
   731 | D        | Reached skill level 14 in Long Blades
   731 | D        | Killed a cane toad
   733 | D        | Killed a cane toad
   734 | D        | Killed a cane toad
   735 | D        | Reached XP level 10. HP: 101/101 MP: 10/10
   735 | D        | Noticed a cane toad
   742 | D        | Reached ****** piety under Trog
   742 | D        | Received a gift from Trog
   746 | D        | Killed a cane toad
   747 | D        | Reached skill level 15 in Long Blades
   810 | D        | Noticed a six-headed hydra
   810 | D        | Noticed a cane toad
   810 | D        | Noticed a cane toad
   810 | D        | Noticed a cane toad
   814 | D        | Killed a cane toad
   816 | D        | Killed a cane toad
   817 | D        | Reached skill level 5 in Stealth
   818 | D        | Noticed a cane toad
   820 | D        | Noticed a black mamba
   822 | D        | Killed a cane toad
   823 | D        | Noticed a black mamba
   834 | D        | Killed a two-headed hydra
   835 | D        | Reached skill level 16 in Long Blades
   840 | D        | Killed a cane toad
   840 | D        | Received a gift from Trog
   841 | D        | Killed a black mamba
   842 | D        | Reached skill level 15 in Fighting
   848 | D        | Killed a black mamba
  1202 | D        | Noticed a death yak
  1202 | D        | Noticed a death yak
  1203 | D        | Noticed a death yak
  1211 | D        | Killed a death yak
  1212 | D        | Reached XP level 11. HP: 113/113 MP: 11/11
  1214 | D        | Reached skill level 17 in Long Blades
  1220 | D        | Killed a death yak
  1228 | D        | Killed a death yak
  1230 | D        | Received a gift from Trog
  1321 | D        | Noticed Grum
  1324 | D        | Noticed Maurice
  1330 | D        | Killed Grum
  1341 | D        | Killed Maurice
  1459 | D        | Received a gift from Trog
  1462 | D        | Noticed an orc sorcerer
  1471 | D        | Killed an orc sorcerer
  1472 | D        | Reached skill level 18 in Long Blades
  1485 | D        | Received a gift from Trog
  1606 | D        | Noticed an orc high priest
  1606 | D        | Noticed an orc high priest
  1609 | D        | Noticed a sixfirhy
  1610 | D        | Killed an orc high priest
  1613 | D        | Killed an orc high priest
  1617 | D        | Noticed an orc knight
  1620 | D        | Received a gift from Trog
  1633 | D        | Killed an orc knight
  1634 | D        | Reached skill level 19 in Long Blades
  1814 | D        | Found Diucsol's Antique Armour Boutique.
  1814 | D        | Noticed an orc knight
  1814 | D        | Noticed an orc knight
  1814 | D        | Noticed an orc sorcerer
  1814 | D        | Noticed an orc knight
  1814 | D        | Noticed an orc sorcerer
  1817 | D        | Killed an orc sorcerer
  1817 | D        | Received a gift from Trog
  1821 | D        | Killed an orc knight
  1822 | D        | Found Vitunou's Armour Shop.
  1823 | D        | Noticed an orc knight
  1824 | D        | Killed an orc sorcerer
  1828 | D        | Noticed an orc sorcerer
  1831 | D        | Killed an orc knight
  1832 | D        | Found Noowihanno's Distillery.
  1832 | D        | Noticed a sixfirhy
  1837 | D        | Killed an orc knight
  1839 | D        | Noticed an orc high priest
  1843 | D        | Killed an orc knight
  1843 | D        | Received a gift from Trog
  1844 | D        | Reached skill level 20 in Long Blades
  1844 | D        | Reached XP level 12. HP: 25/127 MP: 12/12
  1846 | D        | Killed an orc high priest
  1847 | D        | Reached skill level 15 in Dodging
  1863 | D        | Received a gift from Trog
  2172 | D        | Found Luozay's Book Shop.
  2207 | D        | Bought a pair of embroidered gloves for 172 gold pieces
  2207 | D        | Bought a glowing orb for 276 gold pieces
  2209 | D        | Bought a scarf of repulsion for 132 gold pieces
  2211 | D        | Bought a potion of attraction for 36 gold pieces
  2211 | D        | Bought 2 potions of mutation for 192 gold pieces
  2211 | D        | Bought a potion of attraction for 36 gold pieces
  2211 | D        | Bought a potion of resistance for 120 gold pieces
  2211 | D        | Bought a potion of resistance for 120 gold pieces
  2211 | D        | Bought a potion of curing for 36 gold pieces
  2211 | D        | Bought a potion of flight for 36 gold pieces
  2280 | D        | Noticed Erolcha
  2297 | D        | Killed Erolcha
  2622 | D        | Noticed a five-headed hydra
  2622 | D        | Noticed a centaur warrior
  2622 | D        | Noticed an ogre mage
  2622 | D        | Noticed a centaur warrior
  2629 | D        | Noticed a death knight
  2632 | D        | Killed a centaur warrior
  2636 | D        | Killed an ogre mage
  2637 | D        | Reached skill level 21 in Long Blades
  2637 | D        | Reached skill level 1 in Evocations
  2637 | D        | Noticed a brown very ugly thing
  2640 | D        | Killed a centaur warrior
  2640 | D        | Received a gift from Trog
  2648 | D        | Noticed a tengu warrior
  2650 | D        | Killed a one-headed hydra
  2654 | D        | Killed a brown very ugly thing
  2657 | D        | Killed a death knight
  2658 | D        | Reached skill level 22 in Long Blades
  2662 | D        | Noticed a stone giant
  2667 | D        | Killed a stone giant
  2701 | D        | Killed a tengu warrior
  3071 | D        | Received a gift from Trog
  3202 | D        | Noticed Donald
  3213 | D        | Killed Donald
  3405 | D        | Reached skill level 23 in Long Blades
  3405 | D        | Reached XP level 13. HP: 139/139 MP: 13/13
  3441 | D        | Received a gift from Trog
  3721 | D        | Reached skill level 1 in Shields
  3740 | D        | Received a gift from Trog
  4101 | D        | Noticed a bunyip
  4139 | D        | Killed a bunyip
  4145 | D        | Reached skill level 24 in Long Blades
  4147 | D        | Received a gift from Trog
  4808 | D        | Noticed a merfolk impaler
  4811 | D        | Received a gift from Trog
  4816 | D        | Killed a merfolk impaler
  4819 | D        | Received a gift from Trog
  4820 | D        | Reached skill level 5 in Shields
  5261 | D        | Noticed Psyche
  5266 | D        | Killed Psyche
  5343 | D        | Noticed a fire giant
  5343 | D        | Noticed a fire dragon
  5350 | D        | Received a gift from Trog
  5352 | D        | Noticed an ettin
  5363 | D        | Killed from afar by a fire giant

Illustrated notes

Levels and vault maps discovered:
D:        linesprint [early_d, line_temple, items_1, d_10, items_2, lair_1,
          lair_end, items_3, orc_1, orc_end, items_4, d_15, swamp_1, shoals_1,
          snake_1, spider_1, d_20, vaults_1, items_5, swamp_end, shoals_end,
          snake_end, spider_end, vaults_end, d_27, items_6, zot_1, zot_end,
          crypt_end, forest_end, elf_end, slime_end, tomb_end, abyss_end,
          pan_hell_end]

Skill      XL: |  1  2  3  4  5  6  7  8  9 10 11 12 13 |
---------------+----------------------------------------+-----
Dodging        | 3 4 7 9 11 12 13 14 15 17 | 17.0
Fighting       | 4 5 8 10 12 13 15 18 20 22 | 22.3
Long Blades    | 4 7 8 10 11 13 14 16 20 23 24 | 24.5
Stealth        | 1 2 3 4 5 |  5.9
Evocations     | 2 |  2.9
Shields        | 5 |  5.9

Action                   |  1- 3 |  4- 6 |  7- 9 | 10-12 | 13-15 || total
-------------------------+-------+-------+-------+-------+-------++-------
Melee: Falchion          |    30 |       |       |       |       ||    30
       Scimitar          |     4 |     7 |    29 |    14 |       ||    54
       Tailslap          |     2 |     2 |     5 |    43 |    25 ||    77
       Punch             |     1 |       |       |       |       ||     1
       Demon blade       |       |       |       |   118 |   131 ||   249
       Triple sword      |       |       |       |    94 |       ||    94
Invok: Berserk           |     2 |       |     2 |     8 |     4 ||    16
       Brothers in Arms  |       |       |       |     1 |     1 ||     2
 Abil: Breathe Steam     |       |       |     3 |     7 |     6 ||    16
Evoke: Wand              |       |       |       |     2 |     2 ||     4
  Use: Potion            |       |       |       |     1 |     2 ||     3
       Scroll            |       |       |       |       |     1 ||     1
 Stab: Sleeping          |     1 |       |       |       |       ||     1
Armor: Skin              |    12 |       |     4 |    33 |    20 ||    69
Dodge: Dodged            |    19 |     2 |    20 |   100 |    69 ||   210
Block: Kite shield       |       |       |       |     2 |    40 ||    42

Table legend: (Time is in decaauts)
 A = Elapsed time spent in this place.
 B = Non-inter-level travel time spent in this place.
 C = Inter-level travel time spent in this place.
 D = Time resting spent in this place.
 E = Time spent auto-exploring this place.
 F = Levels seen in this place.
 G = Mean time per level.
                   A        B        C        D        E       F      G
               +--------+--------+--------+--------+--------+-----+--------+
         Total |   5361 |   5361 |      0 |   3068 |   1063 |   1 | 5361.0 |
       Dungeon |   5361 |   5361 |      0 |   3068 |   1063 |   1 | 5361.0 |
               +--------+--------+--------+--------+--------+-----+--------+

Top non-repeatable levels by time:
       D: 5361 daAuts
